 Dungeon Crawl Stone Soup version 0.31-a0-1074-g0b22e4e0f1 (webtiles) character file.

Game seed: 4109058379242495646

8 dialectric the Trooper (level 2, 0/24 HPs)
             Began as a Demonspawn Berserker on Dec 2, 2023.
             Was a Follower of Trog.
             Slain by a hobgoblin (3 damage)
             ... on level 1 of the Dungeon.
             The game lasted 00:00:35 (179 turns).

dialectric the Trooper (Demonspawn Berserker)        Turns: 179, Time: 00:00:35

Health: 0/24       AC:  2    Str: 17    XL:     2   Next: 0%
Magic:  2/2        EV: 12    Int:  8    God:    Trog [*.....]
Gold:   0          SH:  0    Dex: 12    Spells: 1/1 levels left

rFire   . . .        a - +0 mace
rCold   . . .        (no shield)
rNeg    . . .        b - +0 animal skin
rPois   .            (no helmet)
rElec   .            (no cloak)
rCorr   .            (no gloves)
SInv    .            (no boots)
Will    .....        (no amulet)
Stlth   +            (no ring)
HPRegen 0.24/turn    (no ring)
MPRegen 0.08/turn

%: no passive effects
@: no status effects
A: hooves 1
a: Renounce Religion, Berserk


You were on level 1 of the Dungeon.
You worshipped Trog.
Trog was aware of your devotion.
You visited 1 branch of the dungeon, and saw 1 of its levels.

Inventory:

Hand Weapons
 a - a +0 mace (weapon)
Armour
 b - a +0 animal skin (worn)


   Skills:
 + Level 3.1 Fighting
 + Level 2.8 Maces & Flails
 + Level 2.0 Armour
 + Level 2.0 Dodging


You had one spell level left.
You didn't know any spells.
Your spell library was empty.

Dungeon Overview and Level Annotations

Branches:
Dungeon (1/15)

Altars:


Innate Abilities, Weirdness & Mutations

You have large cloven feet.


Message History

You hit the hobgoblin but do no damage. The hobgoblin hits you.
The hobgoblin closely misses you.
You hit the hobgoblin but do no damage. The kobold hits you with a +0 club.
The hobgoblin closely misses you.
You barely miss the hobgoblin. The kobold hits you with a +0 club.
The hobgoblin completely misses you.
You are too injured to fight recklessly!
You are too injured to fight recklessly!
You are too injured to fight recklessly!
The kobold attacks as it pursues you! The kobold barely misses you.
Unknown command.
The kobold attacks as it pursues you! The kobold hits you with a +0 club.
You sock the kobold!
You kill the kobold!
Trog accepts your kill.
Your Armour skill increases to level 2!
Unknown command.
The rat bites you but does no damage.
Things that are here:
a +0 club; a kobold corpse You barely miss the rat.
The rat misses you. The hobgoblin closely misses you.
The rat bites you but does no damage.
You barely miss the rat. The hobgoblin hits you.
The rat bites you but does no damage. The hobgoblin hits you.
* * * LOW HITPOINT WARNING * * *
You aren't carrying any potions.
Unknown command.
You closely miss the rat. The rat closely misses you.
You thump the rat!
You kill the rat!
Trog accepts your kill.
Your Dodging skill increases to level 2!
You have reached level 2!
Your demonic ancestry asserts itself...
Your feet thicken and deform.
You closely miss the hobgoblin. Your kick misses the hobgoblin.
The rat bites you.
* * * LOW HITPOINT WARNING * * *
The hobgoblin hits you.
You die...

# .# .# #.# #.#
#.#+### #.. #.#
.......
#..##.######..?.$..
.##..#..#.@r.........
.........g##.###.....
#..........# ..?
.##.......#.####.. .
...####....>.......
♣...##.##..#######
♣.♣....#.......# ♣♣♣
♣.....##....#.# ..♣♣
♣♣♣....####.#.#


You could see a hobgoblin and a rat.

Vanquished Creatures
  2 giant cockroaches (D:1)
  A hobgoblin (D:1)
  2 kobolds (D:1)
  A ball python (D:1)
  A frilled lizard (D:1)
  A rat (D:1)
8 creatures vanquished.

Notes
Turn   | Place    | Note
-------+----------+-------------------------------------------
     0 | D:1      | dialectric the Demonspawn Berserker began the quest for the
                  | Orb.
     0 | D:1      | Reached XP level 1. HP: 18/18 MP: 1/1
   179 | D:1      | Gained mutation: You have large cloven feet. [demonic
                  | ancestry]
   179 | D:1      | Reached XP level 2. HP: 4/24 MP: 2/2
   179 | D:1      | Slain by a hobgoblin

Illustrated notes

Levels and vault maps discovered:
D:1:      kilobyte_arrival_exit_the_forest, layout_basic, serial_shops,
          nicolae_shop_tiny_statue_garden

Skill      XL: |  1 |
---------------+----+-----
Armour         | 2 |  2.0
Dodging        | 2 |  2.0
Fighting       | |  3.1
Maces & Flails | |  2.8

Action                     || total
---------------------------++-------
  Melee: Mace              ||    35
   Stab: Sleeping          ||     1
 Armour: Animal skin       ||    24
  Dodge: Dodged            ||    31

Table legend: (Time is in decaauts)
 A = Elapsed time spent in this place.
 B = Non-inter-level travel time spent in this place.
 C = Inter-level travel time spent in this place.
 D = Time resting spent in this place.
 E = Time spent auto-exploring this place.
 F = Levels seen in this place.
 G = Mean time per level.
                   A        B        C        D        E       F      G
               +--------+--------+--------+--------+--------+-----+--------+
         Total |    188 |    188 |      0 |      0 |    115 |   1 |  188.0 |
       Dungeon |    188 |    188 |      0 |      0 |    115 |   1 |  188.0 |
               +--------+--------+--------+--------+--------+-----+--------+

Top non-repeatable levels by time:
     D:1: 188 daAuts
